 Dungeon Crawl Stone Soup version 0.29.1-1-gd02db6906a (webtiles) character file.

Game seed: 6639384475518005549

304 Metae the Covered (level 6, -6/56 HPs)
             Began as a Minotaur Fighter on Sept 29, 2022.
             Killed by nerve-wracking pain
             ... invoked by a shadow imp
              (12 damage)
             ... on level 3 of the Dungeon.
             The game lasted 00:09:32 (2985 turns).

Metae the Covered (Minotaur Fighter)                Turns: 2985, Time: 00:09:41

Health: -6/56      AC:  7    Str: 23    XL:     6   Next: 15%
Magic:  5/5        EV:  9    Int:  3    God:
Gold:   268        SH:  4    Dex:  9    Spells: 5/5 levels left

rFire   + . .      SeeInvis .   m - +7 flail of Reason {flame, rElec rF+ Str+4 Int-2}
rCold   . . .      Faith    +   c - +0 buckler
rNeg    . . .      Spirit   .   b - +0 scale mail
rPois   .          Reflect  .   (helmet restricted)
rElec   +          Harm     .   (no cloak)
rCorr   .          Rampage  +   (no gloves)
Will    .....                   (no boots)
Stlth   ..........              w - amulet "Kioxeph" {Faith Rampage Str-4 Slay+3}
HPRegen 0.18/turn               (no ring)
MPRegen 0.09/turn               (no ring)

@: no status effects
A: horns 2, retaliatory headbutt
a: no special abilities


You were on level 3 of the Dungeon.
You visited 1 branch of the dungeon, and saw 3 of its levels.

You collected 268 gold pieces.

Inventory:

Hand Weapons
 a - a +0 flail
 l - a +0 sling
 m - the +7 flail of Reason (weapon) {flame, rElec rF+ Str+4 Int-2}
   (You found it on level 2 of the Dungeon)

   It burns those it strikes, dealing additional fire damage.
   Str:       It affects your strength (+4).
   Int:       It affects your intelligence (-2).
   rF:        It protects you from fire.
   rElec:     It insulates you from electricity.
Missiles
 j - 6 stones (quivered)
Armour
 b - a +0 scale mail (worn)
 c - a +0 buckler (worn)
Jewellery
 w - the amulet "Kioxeph" (around neck) {Faith Rampage Str-4 Slay+3}
   (You found it on level 3 of the Dungeon)

   [amulet of faith]

   It allows you to gain divine favour quickly.
   Str:       It affects your strength (-4).
   Slay:      It affects your accuracy & damage with ranged weapons and melee
   (+3).
   Rampage:   It bestows one free step when moving towards enemies.
Wands
 x - a wand of mindburst (10)
Scrolls
 g - a scroll of blinking {unknown}
 h - 2 scrolls of poison {unknown}
 i - 6 scrolls of identify {unknown}
 o - a scroll of teleportation {unknown}
 p - a scroll of amnesia {unknown}
 q - a scroll of magic mapping {unknown}
 r - a scroll of immolation {unknown}
 s - a scroll of noise {unknown}
Potions
 d - a potion of might
 e - a potion of heal wounds {unknown}
 f - a potion of lignification {unknown}
 k - a potion of brilliance {unknown}
 n - 3 potions of mutation {unknown}
 t - a potion of curing {unknown}
 u - a potion of berserk rage {unknown}
 v - a potion of flight {unknown}


   Skills:
 + Level 5.1 Fighting
 + Level 4.4 Maces & Flails
 + Level 5.3 Armour
 + Level 5.2 Shields


You had 5 spell levels left.
You didn't know any spells.
Your spell library was empty.

Dungeon Overview and Level Annotations

Branches:
Dungeon (3/15)

Altars:

Shops:
D:2 =

Annotations:
D:3 1 transporter


Innate Abilities, Weirdness & Mutations

You have a pair of horns on your head.
You reflexively headbutt those who attack you in melee.


Message History

You throw a stone.
The stone hits the orc priest but does no damage.
Throw: 12 stones
Press: ? - help, Q - select action, (/) - cycle Shift-Dir - straight line, f/p - orc priest
Aim: an orc priest, wielding a +0 hand axe and wearing a +0 leather armour (60% to hit)
You throw a stone. The stone barely misses the orc priest.
Throw: 11 stones
Press: ? - help, Q - select action, (/) - cycle Shift-Dir - straight line, f/p - orc priest
Aim: an orc priest, wielding a +0 hand axe and wearing a +0 leather armour (60% to hit)
You throw a stone.
The stone closely misses the orc priest.
Throw: 10 stones
Press: ? - help, Q - select action, (/) - cycle Shift-Dir - straight line, f/p - orc priest
Aim: an orc priest, wielding a +0 hand axe and wearing a +0 leather armour (60% to hit)
You throw a stone.
The stone hits the orc priest but does no damage.
The orc priest looks braver for a moment.
Throw: 9 stones
Press: ? - help, Q - select action, (/) - cycle Shift-Dir - straight line, f/p - orc priest
Aim: an orc priest, wielding a +0 hand axe and wearing a +0 leather armour (60% to hit)
You throw a stone.
The stone hits the orc priest but does no damage.
Throw: 8 stones
Press: ? - help, Q - select action, (/) - cycle Shift-Dir - straight line, f/p - orc priest
Aim: an orc priest, wielding a +0 hand axe and wearing a +0 leather armour (60% to hit)
You throw a stone.
The stone completely misses the orc priest.
The orc priest invokes the aid of Beogh against you.
Beogh smites you!
Throw: 7 stones
Press: ? - help, Q - select action, (/) - cycle Shift-Dir - straight line, f/p - orc priest
Aim: an orc priest, wielding a +0 hand axe and wearing a +0 leather armour (60% to hit)
You throw a stone.
The stone completely misses the orc priest.
The orc priest calls down the wrath of Beogh upon you.
Beogh smites you!
* * * LOW HITPOINT WARNING * * *
The shadow imp gestures at you. Pain shoots through your body!
You die...

# ##..# #.####+####........# # #
##.# #|#.≈...≈.#.######## # #
#.#####.#.≈...≈.#.# # #
#.......#.≈P~~≈.#.# # #
#.#####.#.≈P♣~≈.#.###########
#####.#####.#)≈~~~≈.#............
.........##.#5≈...≈5#..##########
.####.##.##.#5≈...≈o#..# ##.
..###.##.##.####@####..# #..
.###........#P.....P#..# ##. ##
#...†....#8P.©.P8#..# ## #
#.###.##.#########..# # #
#.###.##.....©......### # ##
#.##..##.###..........# ##
.###.##.###.# ##..####.#.# ##.
..##.#......# ##.# #.#.# ##..
...#.##.#)#.# #.####...# ##...


You could see an orc priest and 3 shadow imps.

Vanquished Creatures
  An ogre (D:3)
  A bullfrog (D:3)
  An orc priest (D:3)
  Jessica (D:2)
  The ghost of sentinel the Digger, a weakling MeEE (D:3)
  A river rat (D:3)
  2 worms (D:3)
  2 dart slugs
  2 orcs (D:3)
  5 ball pythons
  6 endoplasms
  4 giant cockroaches
  5 goblins
  7 hobgoblins
  4 jackals (D:1)
  2 quokkas (D:1)
  7 bats
  3 frilled lizards
  5 kobolds
  7 rats
67 creatures vanquished.

Notes
Turn   | Place    | Note
-------+----------+-------------------------------------------
     0 | D:1      | Metae the Minotaur Fighter began the quest for the Orb.
     0 | D:1      | Reached XP level 1. HP: 19/19 MP: 0/0
    98 | D:1      | Reached XP level 2. HP: 27/27 MP: 1/1
   643 | D:1      | Found a faded altar of an unknown god.
   769 | D:1      | Reached XP level 3. HP: 33/33 MP: 2/2
   969 | D:2      | Noticed Jessica
   975 | D:2      | Killed Jessica
   995 | D:2      | Identified the +7 flail of Reason {flame, rElec rF+ Str+4
                  | Int-2}
  1074 | D:2      | You fall into a shaft and drop 1 floor!
  1224 | D:3      | Noticed an ogre
  1227 | D:3      | Killed an ogre
  1228 | D:3      | Reached XP level 4. HP: 6/41 MP: 3/3
  1228 | D:3      | Reached XP level 5. HP: 8/47 MP: 4/4
  1672 | D:3      | Found a transporter.
  1695 | D:3      | Found a transporter.
  1736 | D:3      | Found a runed translucent door.
  1740 | D:3      | Noticed sentinel's ghost (weakling MeEE)
  1935 | D:2      | Found Qirugh's Jewellery Boutique.
  2518 | D:3      | Found a runed translucent door.
  2538 | D:3      | Reached skill level 5 in Fighting
  2538 | D:3      | Reached skill level 5 in Armour
  2538 | D:3      | Reached skill level 5 in Shields
  2545 | D:3      | Killed sentinel's ghost
  2546 | D:3      | Reached XP level 6. HP: 54/56 MP: 5/5
  2734 | D:3      | Identified the amulet "Kioxeph" {Faith Rampage Str-4
                  | Slay+3}
  2985 | D:3      | Killed from afar by a shadow imp

Illustrated notes

Levels and vault maps discovered:
D:1:      lemuel_arrival_rhombus, layout_loops_corners,
          hellmonk_ecumenical_altar_leap_of_faith, minmay_misc_feat_square,
          minmay_tripent
D:2:      layout_loops_ring, serial_shops, nicolae_shop_hallway_stairs,
          uniq_jessica
D:3:      gammafunk_wand_slinger, layout_loops_corners, ebering_ghost_sewer_f,
          grunt_decor_fettered

Skill      XL: |  1  2  3  4  5 |
---------------+----------------+-----
Armour         | 4 5 |  5.3
Shields        | 4 5 |  5.2
Fighting       | 4 5 |  5.1
Maces & Flails | 3 4 |  4.4

Action                   |  1- 3 |  4- 6 || total
-------------------------+-------+-------++-------
Melee: Flail             |    56 |    43 ||    99
       Headbutt          |     6 |     3 ||     9
Throw: Stone             |       |    16 ||    16
Armor: Scale mail        |    22 |    16 ||    38
Dodge: Dodged            |    30 |    21 ||    51
Block: Buckler           |    13 |     7 ||    20
